 Dungeon Crawl Stone Soup version 0.30-a0-341-g682706514a (webtiles) character file.

Game seed: 13372046413024290770

25980 Engwar the Destroyer (level 12, -2/103 HPs)
             Began as a Purple Draconian Fire Elementalist on Nov 4, 2022.
             Was a High Priest of Vehumet.
             Slain by a five-headed hydra (5 damage)
             ... on level 3 of the Lair of Beasts.
             The game lasted 01:01:23 (17399 turns).

Engwar the Destroyer (DrFE)                        Turns: 17399, Time: 01:01:23

Health: -2/103     AC: 16    Str: 11    XL:     12   Next: 94%
Magic:  6/25       EV: 13    Int: 20    God:    Vehumet [*****.]
Gold:   110        SH:  5    Dex: 12    Spells: 4/29 levels left

rFire   . . .      SeeInvis .    f - +6 dagger (elec)
rCold   . . .      Faith    .    y - +0 buckler
rNeg    . . .      Spirit   .    (body armour unavailable)
rPois   .          Reflect  .    (helmet restricted)
rElec   .          Harm     .    (no cloak)
rCorr   .          Rampage  .    u - +1 pair of gloves
Will    +....                    c - +1 pair of boots
Stlth   ++........               A - amulet of magic regeneration
HPRegen 0.37/turn                m - +4 ring of protection
MPRegen 0.59/turn                w - ring of wizardry

@: lethally poisoned (-2 -> -7), studying Conjurations
A: breathe power, AC +8, unfitting armour, cold-blooded
a: Breathe Dispelling Energy, Renounce Religion


You were on level 3 of the Lair of Beasts.
You worshipped Vehumet.
Vehumet was extremely pleased with you.
You visited 2 branches of the dungeon, and saw 14 of its levels.
You also visited: Sewer.

You collected 1000 gold pieces.
You spent 890 gold pieces at shops.

Inventory:

Hand Weapons
 f - a +6 dagger of electrocution (weapon)
Missiles
 D - a throwing net
Armour
 c - a +1 pair of boots (worn)
 u - a +1 pair of gloves (worn)
 y - a +0 buckler (worn)
Jewellery
 b - a ring of willpower
 m - a +4 ring of protection (left hand)
 q - a ring of protection from cold
 w - a ring of wizardry (right hand)
 x - a ring of willpower
 A - an amulet of magic regeneration (around neck)
 B - a ring of protection from fire
 F - a ring of ice
Wands
 r - a wand of light (9)
 s - a wand of iceblast (7)
 v - a wand of flame (12)
 E - a wand of digging (3)
 G - a wand of charming (3)
Scrolls
 l - 2 scrolls of amnesia
 t - 3 scrolls of teleportation
 H - 3 scrolls of identify
Potions
 a - a potion of magic
 d - 5 potions of heal wounds
 e - 4 potions of attraction
 g - 10 potions of curing
 h - 2 potions of mutation
 i - 7 potions of lignification
 j - 3 potions of resistance
 k - 6 potions of might
 n - 2 potions of invisibility
 o - a potion of ambrosia
 p - 5 potions of flight
 z - a potion of berserk rage


   Skills:
 - Level 8.6 Fighting
 - Level 5.0 Dodging
 - Level 1.7 Stealth
 - Level 4.0 Shields
 - Level 9.2 Spellcasting
 - Level 12.6 Conjurations
 - Level 2.4 Hexes
 - Level 2.0 Translocations
 + Level 9.9 Transmutations
 - Level 7.7 Fire Magic
 - Level 2.0 Air Magic


You had 4 spell levels left.
You knew the following spells:

 Your Spells              Type           Power      Damage    Failure   Level
a - Foxfire               Conj/Fire      100%       2x1d9     1%          1
b - Scorch                Fire           80%        2d9       1%          2
c - Kindle Blastsparks    Fire/Tloc/Air  48%        2d14      1%          3
d - Inner Flame           Hex/Fire       29%        N/A       1%          3
e - Flame Wave            Conj/Fire      50%        2d12      1%          4
f - Apportation           Tloc           34%        N/A       1%          1
g - Magic Dart            Conj           100%       1d8       1%          1
h - Dazzling Flash        Conj/Hex       78%        N/A       1%          3
i - Dragon Form           Tmut           24%        N/A       45%         7

Your spell library contained the following spells:

 Spells                   Type           Power      Damage    Failure   Level
 Airstrike                Air            8%         2d(2-18)  4%          4
 Sandblast                Erth           18%        2d7       1%          1
 Slow                     Hex            72%        N/A       1%          1
 Passwall                 Tmut/Erth      24%        N/A       1%          2
 Stone Arrow              Conj/Erth      68%        3d11      1%          3
 Frozen Ramparts          Ice            18%        1d3       3%          3
 Necrotise                Necr           36%        1d5       4%          1
 Summon Small Mammal      Summ           36%        N/A       4%          1
 Confusing Touch          Hex            18%        N/A       4%          3
 Portal Projectile        Hex/Tloc       36%        N/A       4%          3
 Ice Form                 Ice/Tmut       29%        N/A       4%          4
 Petrify                  Tmut/Erth      29%        N/A       4%          4
 Sublimation of Blood     Necr           9%         N/A       6%          2
 Call Canine Familiar     Summ           9%         N/A       12%         3
 Vampiric Draining        Necr           9%         2d6       12%         3
 Leda's Liquefaction      Hex/Erth       7%         N/A       22%         4
 Summon Ice Beast         Ice/Summ       9%         N/A       34%         4
 Blade Hands              Tmut           24%        N/A       1%          5
 Irradiate                Conj/Tmut      26%        3d20      1%          5


Dungeon Overview and Level Annotations

Branches:
Dungeon (11/15)            Temple (0/1) D:5            Lair (3/5) D:9
  Snake (0/4) Lair:2          Orc (0/2) D:11          Sewer (visited)
  Swamp: Lair:2-3    Shoals: Lair:2-3

Altars:
Dithmenos
Elyvilon
Hepliaklqana
Kikubaaqudgha
Makhleb
Nemelex Xobeh
Qazlal
Ru
Uskayaw
Vehumet
Wu Jian
Xom
Yredelemnul
Zin

Shops:
D:2 [   D:6 *   D:8 *   D:10 (

Annotations:
D:11 1 runed translucent door, mojasp's ghost, journeyman DsNe
Lair:1 1 runed translucent door, Necrophagist's ghost, journeyman HOBe
Lair:3 Gastronok


Innate Abilities, Weirdness & Mutations

You can breathe bolts of dispelling energy.
Your rich purple scales are hard. (AC +8)
You cannot fit into any form of body armour.
You are cold-blooded and may be slowed by cold attacks.


Message History

Casting: Scorch (safe; 1% risk of failure)
Confirm with . or Enter, or press ? or * to list all spells.
Flames lash the bullfrog.
The bullfrog is severely wounded.
The bullfrog's fire resistance burns away.
The bullfrog barely misses you. The five-headed hydra bites you.
You block the five-headed hydra's attack.
The five-headed hydra bites you.
The five-headed hydra bites you but does no damage.
The five-headed hydra bites you! The water moccasin bites you!
* * * LOW HITPOINT WARNING * * *
You are poisoned.
The water moccasin poisons you! The bullfrog completely misses you.
Casting: Scorch (safe; 1% risk of failure)
Confirm with . or Enter, or press ? or * to list all spells.
Flames lash the water moccasin.
The water moccasin is moderately wounded.
The water moccasin's fire resistance burns away.
You feel very sick. The water moccasin closely misses you.
You block the five-headed hydra's attack.
The five-headed hydra bites you.
* * * LOW HITPOINT WARNING * * *
The five-headed hydra completely misses you.
The five-headed hydra bites you.
* * * LOW HITPOINT WARNING * * *
The five-headed hydra bites you but does no damage.
The bullfrog hits you.
* * * LOW HITPOINT WARNING * * *
You block the water moccasin's attack.
Casting: Scorch (safe; 1% risk of failure)
Confirm with . or Enter, or press ? or * to list all spells.
Flames lash the five-headed hydra.
The five-headed hydra is burned terribly!
The five-headed hydra is almost dead.
You feel very sick. The bullfrog hits you!
* * * LOW HITPOINT WARNING * * *
The five-headed hydra bites you.
You die...

## .... ...# .... #..P
##..# #.... #...# ..
##...## (... [###.P†F.#
#.... ......D@.#
########.....
......S..###..##P#......
........................
........................
..###.###...............
. ## #.##....P...#### ##
#....##### ##...### ####
#.....####...


You could see a five-headed hydra (combustible), a water moccasin (combustible)
and a bullfrog (combustible).

Vanquished Creatures
  Fannar (D:11)
  2 hydras
  A catoblepas (Lair:1)
  4 two-headed ogres
  Urug (Lair:1)
  Nergalle (Lair:2)
  An ugly thing (D:11)
  An oklob plant (Lair:1)
  2 cyclopes (D:11)
  A black mamba (Lair:3)
  A gargoyle (D:10)
  6 cane toads
  A rime drake (Lair:3)
  2 komodo dragons (D:9)
  A burning bush (Lair:2)
  A troll (D:9)
  A polar bear (Lair:3)
  2 tyrant leeches (Lair:3)
  7 blink frogs
  2 dream sheep (D:11)
  Sigmund (D:3)
  5 wyverns
  18 yaks
  A shadow (D:11)
  A basilisk (Lair:1)
  5 hogs
  2 steam dragons
  3 vampire mosquitoes (D:11)
  A swamp worm (Lair:3)
  An acid dragon (D:10)
  11 water moccasins
  An ice beast (D:5)
  A black bear (D:4)
  3 orc warriors
  A swamp drake (D:11)
  5 sky beasts
  2 centaurs
  7 wolves
  2 ogres (D:4)
  7 kobold brigands
  10 bullfrogs
  A necrophage (D:4)
  5 scorpions
  3 gnoll sergeants
  5 killer bees (D:9)
  4 electric eels (D:9)
  A howler monkey (D:10)
  3 jellies
  A gnoll bouda (D:5)
  7 hounds
  3 iguanas
  12 orc priests
  10 orc wizards
  Ijyb (D:5)
  Terence (D:2)
  Natasha (thrice) (D:2)
  16 gnolls
  9 adders
  A river rat (Sewer)
  2 white imps
  2 ufetubi
  A worm (D:2)
  A dart slug (D:1)
  37 orcs
  3 endoplasms
  9 goblins
  6 hobgoblins
  5 jackals
  20 kobolds
  6 quokkas
  5 ball pythons
  4 bats
  3 frilled lizards
  12 rats
329 creatures vanquished.

Vanquished Creatures (collateral kills)
  4 foxfires (Lair:1)
4 creatures vanquished.

Vanquished Creatures (others)
  Kirke (Lair:3)
  252 foxfires
  19 fungi
  14 plants
  2 withered plants (D:5)
288 creatures vanquished.

Grand Total: 621 creatures vanquished

Notes
Turn   | Place    | Note
-------+----------+-------------------------------------------
     0 | D:1      | Engwar the Draconian Fire Elementalist began the quest for
                  | the Orb.
     0 | D:1      | Reached XP level 1. HP: 14/14 MP: 3/3
   252 | D:1      | Reached XP level 2. HP: 20/20 MP: 3/5
   255 | D:1      | Learned a level 2 spell: Scorch
   461 | D:1      | Found a faded altar of an unknown god.
  1018 | D:2      | Found Ixusseuj's Antique Armour Emporium.
  1044 | D:2      | Noticed Natasha
  1055 | D:2      | Killed Natasha
  1056 | D:2      | Reached skill level 2 in Conjurations
  1056 | D:2      | Reached XP level 3. HP: 14/26 MP: 0/6
  1060 | D:2      | Learned a level 3 spell: Kindle Blastsparks
  1183 | D:2      | Noticed Terence
  1201 | D:2      | Killed Terence
  1202 | D:2      | Reached XP level 4. HP: 33/33 MP: 0/8
  1371 | D:2      | Noticed Natasha
  1383 | D:2      | Killed Natasha
  1506 | D:2      | Reached XP level 5. HP: 38/38 MP: 5/9
  1624 | D:2      | Noticed Natasha
  1628 | D:2      | Killed Natasha
  1629 | D:2      | Reached skill level 3 in Conjurations
  1716 | D:2      | Learned a level 3 spell: Inner Flame
  1736 | D:3      | Noticed Sigmund
  1886 | D:3      | Identified a scroll of acquirement
  1886 | D:3      | Acquired a ring of willpower
  1897 | D:3      | Found a hazy altar of Hepliaklqana.
  2104 | D:3      | Killed Sigmund
  2105 | D:3      | Reached skill level 1 in Hexes
  2105 | D:3      | Reached skill level 1 in Translocations
  2105 | D:3      | Reached skill level 1 in Air Magic
  2105 | D:3      | Reached XP level 6. HP: 45/45 MP: 1/11
  2422 | D:3      | Found a radiant altar of Vehumet.
  2457 | D:3      | Became a worshipper of Vehumet
  2688 | D:3      | Found a shimmering altar of Xom.
  2822 | D:2      | Bought a pair of gloves for 90 gold pieces
  2967 | D:4      | Your scales start taking on a rich purple colour.
  2967 | D:4      | Reached skill level 5 in Spellcasting
  2967 | D:4      | Reached XP level 7. HP: 50/50 MP: 5/14
  2972 | D:4      | Learned a level 4 spell: Flame Wave
  3074 | D:4      | Learned a level 1 spell: Apportation
  3100 | D:4      | Reached skill level 5 in Fire Magic
  3183 | D:4      | Found a hide-covered altar of Uskayaw.
  3320 | D:4      | Found a glowing drain.
  3330 | Sewer    | Entered a sewer
  3394 | Sewer    | Reached * piety under Vehumet
  3394 | Sewer    | Offered knowledge of Kiss of Death by Vehumet.
  3430 | Sewer    | Reached skill level 4 in Conjurations
  3518 | Sewer    | Found a white marble altar of Elyvilon.
  4093 | D:5      | Entered Level 5 of the Dungeon
  4108 | D:5      | Reached XP level 8. HP: 57/57 MP: 8/15
  4122 | D:5      | Reached skill level 5 in Conjurations
  4512 | D:5      | Found a basalt altar of Yredelemnul.
  4539 | D:5      | Found a burning altar of Makhleb.
  4886 | D:5      | Noticed Ijyb
  4889 | D:5      | Killed Ijyb
  5117 | D:5      | Reached skill level 1 in Fighting
  5117 | D:5      | Reached skill level 6 in Conjurations
  5413 | D:5      | Found a staircase to the Ecumenical Temple.
  5438 | D:5      | Offered knowledge of Magic Dart by Vehumet.
  5441 | D:5      | Learned a level 1 spell: Magic Dart
  5866 | D:6      | Reached ** piety under Vehumet
  5894 | D:6      | Reached XP level 9. HP: 69/69 MP: 7/16
  5969 | D:6      | Found Faopsec's General Store.
  6103 | D:6      | Found a sacrificial altar of Ru.
  6215 | D:6      | You fall into a shaft and drop 1 floor!
  6679 | D:7      | Reached skill level 7 in Conjurations
  6869 | D:7      | Noticed a two-headed ogre
  6880 | D:7      | Killed a two-headed ogre
  6881 | D:7      | Reached skill level 5 in Fighting
  6944 | D:7      | Found a white marble altar of Elyvilon.
  6959 | D:7      | Found a stormy altar of Qazlal.
  7152 | D:7      | Reached skill level 1 in Shields
  7155 | D:7      | Reached skill level 8 in Conjurations
  8152 | D:8      | Noticed a two-headed ogre
  8162 | D:8      | Killed a two-headed ogre
  8162 | D:8      | Offered knowledge of Static Discharge by Vehumet.
  8163 | D:8      | Reached skill level 5 in Dodging
  8163 | D:8      | Reached XP level 10. HP: 80/81 MP: 13/17
  8349 | D:8      | Found an ancient bone altar of Kikubaaqudgha.
  8406 | D:8      | Found a sparkling altar of Nemelex Xobeh.
  8462 | D:8      | Found an ornate altar of the Wu Jian Council.
  8641 | D:8      | Found Sioqot's Demolitions Depot.
  8978 | D:9      | Reached skill level 9 in Conjurations
  8995 | D:9      | Reached *** piety under Vehumet
  9122 | D:9      | Reached skill level 10 in Conjurations
  9264 | D:9      | Offered knowledge of Hailstorm by Vehumet.
  9476 | D:9      | Found a staircase to the Lair.
  9832 | D:9      | Reached skill level 11 in Conjurations
  9994 | D:9      | Found a shadowy altar of Dithmenos.
 10114 | D:10     | Entered Level 10 of the Dungeon
 10120 | D:10     | Noticed a two-headed ogre
 10121 | D:10     | Reached **** piety under Vehumet
 10129 | D:10     | Killed a two-headed ogre
 10129 | D:10     | Offered knowledge of Dazzling Flash by Vehumet.
 10137 | D:10     | Learned a level 3 spell: Dazzling Flash
 10559 | D:10     | Noticed a gargoyle
 10577 | D:10     | Killed a gargoyle
 10578 | D:10     | Reached XP level 11. HP: 89/89 MP: 4/18
 10609 | D:10     | Found Ivirghele's Antique Weapon Boutique.
 10626 | D:10     | Found a glowing silver altar of Zin.
 11051 | D:11     | Noticed a two-headed ogre
 11061 | D:11     | Killed a two-headed ogre
 11181 | D:11     | Noticed a three-headed hydra
 11189 | D:11     | Killed a three-headed hydra
 11334 | D:11     | Noticed a green ugly thing
 11348 | D:11     | Killed a green ugly thing
 11349 | D:11     | Reached skill level 12 in Conjurations
 11558 | D:11     | Noticed Fannar
 11571 | D:11     | Killed Fannar
 11695 | D:11     | Found a runed translucent door.
 11698 | D:11     | Found a shimmering altar of Xom.
 11698 | D:11     | Noticed mojasp's ghost (journeyman DsNe)
 11698 | D:11     | Noticed a +0 flail of chaos
 11944 | D:11     | Found a staircase to the Orcish Mines.
 12719 | Lair:1   | Entered Level 1 of the Lair of Beasts
 12719 | Lair:1   | Noticed an oklob plant
 13021 | Lair:1   | Killed an oklob plant
 13314 | Lair:1   | Noticed a catoblepas
 13335 | Lair:1   | Killed a catoblepas
 13553 | D:8      | Bought a manual of Conjurations for 800 gold pieces
 13566 | D:8      | Learned a level 7 spell: Dragon Form
 13675 | Lair:1   | Found a runed translucent door.
 13676 | Lair:1   | Noticed Necrophagist's ghost (journeyman HOBe)
 13699 | Lair:1   | Reached skill level 1 in Transmutations
 14029 | Lair:1   | Reached XP level 12. HP: 96/103 MP: 24/24
 14889 | Lair:2   | Noticed Nergalle
 14893 | Lair:2   | Noticed Urug
 15194 | Lair:2   | Killed Nergalle
 15195 | Lair:2   | Reached skill level 5 in Transmutations
 15368 | Lair:1   | Killed Urug
 15521 | Lair:2   | Found a staircase to the Snake Pit.
 15563 | Lair:2   | Noticed a four-headed hydra
 15571 | Lair:2   | Killed a four-headed hydra
 15571 | Lair:2   | Reached ***** piety under Vehumet
 15637 | Lair:2   | Offered knowledge of Airstrike by Vehumet.
 16057 | Lair:3   | Noticed Gastronok
 16067 | Lair:3   | Noticed Kirke
 16307 | Lair:3   | Noticed a sphinx
 16613 | Lair:3   | Killed Kirke
 17382 | Lair:3   | Noticed a five-headed hydra
 17399 | Lair:3   | HP: 3/103 [bullfrog (7)]
 17399 | Lair:3   | Slain by a five-headed hydra

Illustrated notes

Levels and vault maps discovered:
D:1:      minmay_arrival_jagged, layout_basic, basic_ecumenical_altar
D:2:      layout_rooms, serial_shops, shop, uniq_terence, uniq_natasha
D:3:      layout_rooms, mainiacjoe_overflow_concentric_impassable,
          lemuel_tele_altar, fiery_altar_vehumet, kennysheep_orc_chapel,
          uniq_sigmund
D:4:      layout_loops_ring, nicolae_uskayaw_dance_hall, portal_sewer_entry_d
D:5:      minmay_bubble_buster, layout_loops_ring, yredelemnul_altar_generic,
          mainiacjoe_overflow_cross_hatched, minmay_temple_entry_glass,
          kennysheep_pointless_box, chequers_decorated_corner,
          roderic_serpentine_path, uniq_ijyb
D:6:      layout_rooms, lemuel_round_altar, serial_shops, shop,
          minmay_misc_feat_rows, fountainhead
D:7:      layout_basic, amethyst_overflow_temple_binary, minivault_4,
          chequers_serial_rivers_room_b
D:8:      layout_basic, kennysheep_mini_moat,
          nicolae_wu_jian_immortal_techniques, kiku_gazebo_garden_becter,
          nicolae_blasting_shop
D:9:      layout_loops_ring, kennysheep_little_box, erik_lair_island,
          kennysheep_generic_room_15
D:10:     layout_cave_pods, old_standard_altar, serial_shops, kennysheep_mini
D:11:     layout_cross, erik_orc_1, ebering_ghost_xom, hangedman_ranch,
          uniq_fannar
Lair:1:   layout_loops_ring, ebering_ghost_reflecting_pool,
          dpeg_stationary_puzzle, grunt_megastairs_1
Lair:2:   layout_small_grid, dummy_snake_entry, chequers_serial_rivers_marsh,
          evilmike_ambush [evilmike_ambush_outer_basic,
          evilmike_ambush_inner_basic], uniq_urug, uniq_nergalle
Lair:3:   layout_chaotic_city, minmay_swamp_entry_worms, uniq_kirke,
          uniq_gastronok

Skill      XL: |  1  2  3  4  5  6  7  8  9 10 11 12 |
---------------+-------------------------------------+-----
Conjurations   | 2 3 4 6 8 11 12 | 12.6
Spellcasting   | 3 5 8 9 |  9.2
Fire Magic     | 4 6 7 |  7.7
Hexes          | 1 2 |  2.4
Translocations | 1 2 |  2.0
Air Magic      | 1 2 |  2.0
Fighting       | 3 5 6 8 |  8.6
Dodging        | 5 |  5.0
Shields        | 3 4 |  4.0
Transmutations | 2 9 |  9.9
Stealth        | |  1.7

Action                   |  1- 3 |  4- 6 |  7- 9 | 10-12 || total
-------------------------+-------+-------+-------+-------++-------
Melee: Unarmed           |     6 |       |       |       ||     6
       Tailslap          |     1 |     3 |    10 |     8 ||    22
       Punch             |     1 |     1 |       |       ||     2
       Dagger            |     8 |    41 |    77 |    60 ||   186
 Cast: Foxfire           |    41 |    26 |    52 |    30 ||   149
       Scorch            |     3 |    17 |   109 |   485 ||   614
       Kindle Blastspark |       |     3 |     6 |    19 ||    28
       Flame Wave        |       |       |     2 |     1 ||     3
       Magic Dart        |       |       |    34 |    93 ||   127
       Inner Flame       |       |       |       |     3 ||     3
       Dazzling Flash    |       |       |       |     2 ||     2
 Abil: Breathe Dispellin |       |       |     1 |       ||     1
Evoke: Wand              |       |       |       |     1 ||     1
  Use: Scroll            |     3 |    10 |     5 |    11 ||    29
       Potion            |       |       |     1 |     3 ||     4
 Stab: Distracted        |       |     1 |       |       ||     1
       Sleeping          |       |     1 |     1 |     1 ||     3
Armor: Skin              |     8 |    16 |    53 |   153 ||   230
Dodge: Dodged            |    18 |    25 |    68 |   230 ||   341
Block: Buckler           |       |       |     5 |    88 ||    93

Table legend: (Time is in decaauts)
 A = Elapsed time spent in this place.
 B = Non-inter-level travel time spent in this place.
 C = Inter-level travel time spent in this place.
 D = Time resting spent in this place.
 E = Time spent auto-exploring this place.
 F = Levels seen in this place.
 G = Mean time per level.
                   A        B        C        D        E       F      G
               +--------+--------+--------+--------+--------+-----+--------+
         Total |  17517 |  16695 |    822 |   2430 |  11106 |  15 | 1167.8 |
       Dungeon |  12849 |  12234 |    615 |   1290 |   8744 |  11 | 1168.1 |
          Lair |   4325 |   4118 |    207 |   1140 |   2159 |   3 | 1441.7 |
         Sewer |    342 |    342 |      0 |      0 |    202 |   1 |  342.0 |
               +--------+--------+--------+--------+--------+-----+--------+

Top non-repeatable levels by time:
     D:5: 1736 daAuts
  Lair:1: 1682 daAuts
     D:9: 1598 daAuts
    D:11: 1486 daAuts
     D:7: 1436 daAuts
  Lair:2: 1416 daAuts
  Lair:3: 1227 daAuts
    D:10: 1108 daAuts
     D:1: 1017 daAuts
     D:8: 1014 daAuts
     D:2: 976 daAuts
     D:4: 944 daAuts
     D:3: 870 daAuts
     D:6: 659 daAuts
   Sewer: 342 daAuts
